 Dungeon Crawl Stone Soup version 0.32-a0-42-ga30500b4d3 (webtiles) character file.

Game seed: 3612601732017122742

2674 pokeman the Thaumaturge (level 9, 0/51 HPs)
             Began as a Deep Elf Hedge Wizard on Jan 29, 2024.
             Succumbed to a water moccasin's poison
             ... on level 7 of the Dungeon.
             The game lasted 00:17:37 (7930 turns).

pokeman the Thaumaturge (Deep Elf Hedge Wizard)     Turns: 7930, Time: 00:17:38

Health: 0/51       AC:  4    Str:  7    XL:     9   Next: 37%
Magic:  17/26      EV: 13    Int: 24    God:
Gold:   341        SH:  0    Dex: 14    Spells: 18/31 levels left

rFire   + . .        q - +2 dagger (venom)
rCold   . . .        (no shield)
rNeg    . . .        x - +2 robe {rF+}
rPois   .            c - +0 hat
rElec   .            (no cloak)
rCorr   .            (no gloves)
SInv    .            (no boots)
Will    .....        (no amulet)
Stlth   ++           (no ring)
HPRegen 1.08/turn    (no ring)
MPRegen 0.20/turn

%: no passive effects
@: mighty, lethally poisoned (0 -> -7), on blink cooldown
A: regeneration 1
a: no special abilities


You were on level 7 of the Dungeon.
You visited 2 branches of the dungeon, and saw 8 of its levels.

You collected 341 gold pieces.

Inventory:

Hand Weapons
 q - a +2 dagger of venom (weapon)
Missiles
 k - 2 throwing nets
 m - 4 curare-tipped darts
Armour
 c - a +0 hat (worn)
 g - an orb of energy
 w - a +1 leather armour of cold resistance
 x - a +2 robe of fire resistance (worn)
 B - a +0 kite shield
Wands
 v - a wand of iceblast (6)
 y - a wand of paralysis (7)
 A - a wand of polymorph (3)
Scrolls
 b - a scroll of enchant weapon {unknown}
 f - 3 scrolls of teleportation {unknown}
 h - 3 scrolls of poison {unknown}
 i - a scroll of vulnerability {unknown}
 j - 8 scrolls of identify {unknown}
 p - a scroll of immolation {unknown}
 t - a scroll of blinking {unknown}
 u - 2 scrolls of amnesia {unknown}
Potions
 d - a potion of magic
 e - a potion of attraction {unknown}
 l - a potion of berserk rage {unknown}
 n - 2 potions of mutation
 o - a potion of ambrosia {unknown}
 r - 2 potions of curing {unknown}
 s - 2 potions of heal wounds {unknown}
 z - a potion of lignification {unknown}


   Skills:
 + Level 3.2 Fighting
 - Level 3.0 Armour
 - Level 3.0 Dodging
 - Level 3.0 Stealth
 * Level 11.6 Spellcasting
 + Level 6.4 Conjurations
 - Level 1.1 Summonings
 - Level 1.1 Translocations
 - Level 1.0 Air Magic
 + Level 4.3 Earth Magic
 - Level 1.0 Alchemy
 - Level 2.0 Evocations


You had 18 spell levels left.
You knew the following spells:

 Your Spells              Type           Power      Damage    Failure   Level
a - Magic Dart            Conj           100%       1d8       1%          1
b - Mephitic Cloud        Conj/Alch/Air  27%        N/A       4%          3
c - Call Imp              Summ           38%        N/A       4%          2
d - Blink                 Tloc           38%        N/A       4%          2
e - Lee's Rapid Deconstr  Erth           17%        3d10*     21%         5

Your spell library contained the following spells:

 Spells                   Type           Power      Damage    Failure   Level
 Searing Ray              Conj           88%        2d7       1%          2
 Slow                     Hex            52%        N/A       4%          1
 Cigotuvi's Dreadful Rot  Necr/Alch/Air  34%        N/A       4%          2
 Lesser Beckoning         Tloc           38%        N/A       4%          2
 Gell's Gravitas          Tloc           19%        N/A       9%          3
 Teleport Other           Tloc           19%        N/A       9%          3
 Fulminant Prism          Conj/Alch      15%        3d10      10%         4
 Leda's Liquefaction      Alch/Erth      13%        N/A       16%         4
 Bombard                  Conj/Erth      19%        9d4       58%         6
 Dispersal                Tloc           9%         N/A       99%         6


Dungeon Overview and Level Annotations

Branches:
Dungeon (7/15)             Temple (1/1) D:5

Altars:
Ashenzari
Cheibriados
Kikubaaqudgha
Makhleb
Nemelex Xobeh
Okawaru
Qazlal
Ru
Sif Muna
Trog
Wu Jian
Xom
Yredelemnul
Zin
The Shining One

Annotations:
D:1 1 runed translucent door


Innate Abilities, Weirdness & Mutations

Your natural rate of healing is unusually fast.


Message History

The water moccasin is severely wounded.
You feel very sick. The water moccasin bites you.
You are more poisoned.
The water moccasin poisons you!
The water moccasin completely misses you.
Casting: Magic Dart (safe; 1% risk of failure)
Confirm with . or Enter, or press ? or * to list all spells.
Aiming: Magic Dart (safe; 1% risk of failure)
Press: ? - help, Shift-Dir - straight line, f/p - water moccasin
Aim: a water moccasin (severely wounded, 100% to hit)
The magic dart hits the water moccasin but does no damage.
The water moccasin is severely wounded.
You feel very sick. The water moccasin bites you.
You are more poisoned.
The water moccasin poisons you!
Casting: Magic Dart (safe; 1% risk of failure)
Confirm with . or Enter, or press ? or * to list all spells.
You blink.
* * * LOW HITPOINT WARNING * * *
You feel extremely sick.
Unknown command.
Casting: Blink (safe; 4% risk of failure)
Confirm with . or Enter, or press ? or * to list all spells.
Aiming: Magic Dart (safe; 1% risk of failure)
Press: ? - help, Shift-Dir - straight line, f/p - water moccasin
Aim: a water moccasin (severely wounded, 100% to hit)
The magic dart hits the water moccasin!
The water moccasin is almost dead.
* * * LOW HITPOINT WARNING * * *
You feel very sick.
It was a potion of mutation.
You feel extremely strange.
You begin to heal more quickly.
* * * LOW HITPOINT WARNING * * *
You feel very sick.
The water moccasin bites you but does no damage.
It was a potion of might.
You feel very mighty all of a sudden.
You die...

### #.#
#.#######
#..!.....
#.# #.# #S#
####@#
#....#
#[.<.# ###
#....# ...
#....# ...
#....~ ..
~~~~~~~ ..
~≈~~~≈~≈~
###
≈≈~~~≈~≈~≈~
...


You could see a water moccasin.

Vanquished Creatures
  Pikel (D:6)
  Sigmund (D:4)
  Eustachio (D:6)
  A steam dragon (D:7)
  An ice beast (D:5)
  An orc warrior (D:6)
  A black bear (D:5)
  An ogre (D:4)
  3 lemures
  A bullfrog (D:6)
  A necrophage (D:5)
  2 scorpions
  2 water moccasin zombies (D:5)
  A wyvern skeleton (D:5)
  A water moccasin skeleton (D:5)
  A howler monkey (D:5)
  A centaur skeleton (D:5)
  A centaur zombie (D:5)
  2 bullfrog zombies (D:5)
  A bombardier beetle (D:6)
  2 hounds
  3 orc priests
  A human zombie (D:5)
  A sleepcap (D:6)
  Jessica (D:3)
  4 iguanas
  7 orc wizards
  A scorpion zombie (D:5)
  A hound zombie (D:5)
  7 gnolls
  6 adders
  A shadow imp (D:5)
  2 white imps
  4 dart slugs
  2 ribbon worms
  15 orcs
  6 endoplasms
  A giant cockroach (D:3)
  8 goblins
  5 hobgoblins
  5 quokkas
  7 ball pythons
  2 bats
  2 frilled lizards
  7 kobolds
  6 rats
132 creatures vanquished.

Notes
Turn   | Place    | Note
-------+----------+-------------------------------------------
     0 | D:1      | pokeman the Deep Elf Hedge Wizard began the quest for the
                  | Orb.
     0 | D:1      | Reached XP level 1. HP: 10/10 MP: 7/7
     0 | D:1      | Noticed a jelly
     1 | D:1      | Found a runed translucent door.
   222 | D:1      | Reached XP level 2. HP: 15/15 MP: 3/9
   943 | D:2      | Found a faded altar of an unknown god.
  1079 | D:2      | Reached skill level 5 in Spellcasting
  1336 | D:2      | Reached XP level 3. HP: 20/20 MP: 8/11
  1340 | D:2      | Learned a level 3 spell: Mephitic Cloud
  1343 | D:2      | Learned a level 2 spell: Call Imp
  1346 | D:2      | Learned a level 2 spell: Blink
  1845 | D:3      | Reached skill level 1 in Fighting
  1853 | D:3      | Reached skill level 1 in Armour
  1871 | D:3      | Reached XP level 4. HP: 5/25 MP: 0/13
  1871 | D:3      | Found a shimmering altar of Xom.
  2343 | D:3      | Noticed Jessica
  2346 | D:3      | Killed Jessica
  2347 | D:3      | Reached skill level 6 in Spellcasting
  2347 | D:3      | Reached XP level 5. HP: 27/29 MP: 10/15
  2566 | D:3      | Noticed an angel
  2567 | D:3      | Found a glowing silver altar of Zin.
  2657 | D:3      | Found a faded altar of an unknown god.
  2675 | D:3      | Found a basalt altar of Yredelemnul.
  3012 | D:4      | Reached skill level 1 in Air Magic
  3013 | D:4      | Reached skill level 1 in Alchemy
  3208 | D:4      | Reached XP level 6. HP: 34/34 MP: 13/17
  3321 | D:4      | Found a glowing golden altar of the Shining One.
  3370 | D:4      | Reached skill level 7 in Spellcasting
  3451 | D:4      | You fall into a shaft and drop 3 floors!
  3583 | D:7      | Noticed a steam dragon
  3602 | D:7      | Killed a steam dragon
  3771 | D:7      | Reached XP level 7. HP: 40/40 MP: 17/20
  3805 | D:6      | Noticed Eustachio
  3827 | D:5      | Entered Level 5 of the Dungeon
  3911 | D:6      | Killed Eustachio
  3912 | D:6      | Reached skill level 8 in Spellcasting
  4190 | D:5      | Identified the +0 leather armour "Geetawim" {+Blink Str+2}
  4229 | D:5      | Learned a level 5 spell: Lee's Rapid Deconstruction
  5003 | D:4      | Reached skill level 9 in Spellcasting
  5162 | D:4      | Noticed Sigmund
  5181 | D:4      | Killed Sigmund
  5182 | D:4      | Reached skill level 1 in Earth Magic
  5182 | D:4      | Reached skill level 1 in Evocations
  5182 | D:4      | Reached XP level 8. HP: 39/44 MP: 21/23
  5436 | D:5      | Reached skill level 5 in Conjurations
  5695 | D:5      | Reached skill level 10 in Spellcasting
  5895 | D:5      | Found a staircase to the Ecumenical Temple.
  5902 | Temple   | Entered the Ecumenical Temple
  6558 | D:5      | Found an ancient bone altar of Kikubaaqudgha.
  6804 | D:6      | Found a sacrificial altar of Ru.
  6804 | D:6      | Noticed Pikel
  7121 | D:6      | Reached XP level 9. HP: 45/49 MP: 23/25
  7124 | D:6      | Found a bloodstained altar of Trog.
  7148 | D:6      | Found a shimmering blue altar of Sif Muna.
  7152 | D:6      | Got Sif Muna's Annotations on the Blink Frog
  7189 | D:6      | Killed Pikel
  7190 | D:6      | Reached skill level 11 in Spellcasting
  7358 | D:6      | Found a burning altar of Makhleb.
  7929 | D:7      | Gained mutation: Your natural rate of healing is unusually
                  | fast. [potion of mutation]
  7929 | D:7      | HP: 2/51 [poisoned by a water moccasin]
  7930 | D:7      | Succumbed to a water moccasin's poison

Illustrated notes

Levels and vault maps discovered:
D:1:      dpeg_arrival_caged_fury, layout_basic
D:2:      layout_loops_ring, basic_ecumenical_altar
D:3:      layout_loops_corners, grunt_temple_overflow_order_and_chaos_1,
          nicolae_overflow_ecumenical_swirl, uniq_jessica
D:4:      layout_basic, general_overflow_altar, uniq_sigmund
D:5:      layout_gridville, lemuel_mausoleum_altar_kikubaaqudgha,
          minmay_temple_entry_wispy
D:6:      layout_basic, nzn_overflow_gifts_of_might_and_magic,
          mainiacjoe_overflow_small_starburst, overflow_temple_1_default,
          uniq_pikel, uniq_eustachio
D:7:      layout_basic, gammafunk_ghost_grave, chequers_serial_rivers_large_a
Temple:   hellmonk_temple_micro_hex

Skill      XL: |  1  2  3  4  5  6  7  8  9 |
---------------+----------------------------+-----
Spellcasting   | 5 6 7 9 10 11 | 11.6
Fighting       | 1 2 3 |  3.2
Armour         | 1 2 3 |  3.0
Conjurations   | 2 3 4 5 6 |  6.4
Stealth        | 3 |  3.0
Dodging        | 3 |  3.0
Air Magic      | 1 |  1.0
Alchemy        | 1 |  1.0
Earth Magic    | 1 3 4 |  4.3
Evocations     | 1 2 |  2.0
Summonings     | |  1.1
Translocations | |  1.1

Action                     |  1- 3 |  4- 6 |  7- 9 || total
---------------------------+-------+-------+-------++-------
  Melee: Dagger            |    19 |    51 |   108 ||   178
         Punch             |       |     1 |       ||     1
   Cast: Magic Dart        |    79 |    57 |   205 ||   341
         Mephitic Cloud    |     2 |     8 |    23 ||    33
         Call Imp          |       |     2 |     3 ||     5
         Blink             |       |       |     2 ||     2
    Use: Potion            |       |       |     2 ||     2
   Stab: Sleeping          |     1 |       |     1 ||     2
         Confused          |     1 |     6 |    10 ||    17
 Armour: Robe              |    11 |    21 |   104 ||   136
         Leather armour    |       |       |    28 ||    28
  Dodge: Dodged            |    13 |    28 |   129 ||   170

Table legend: (Time is in decaauts)
 A = Elapsed time spent in this place.
 B = Non-inter-level travel time spent in this place.
 C = Inter-level travel time spent in this place.
 D = Time resting spent in this place.
 E = Time spent auto-exploring this place.
 F = Levels seen in this place.
 G = Mean time per level.
                   A        B        C        D        E       F      G
               +--------+--------+--------+--------+--------+-----+--------+
         Total |   7931 |   7706 |    225 |    141 |   6414 |   8 |  991.4 |
       Dungeon |   7930 |   7705 |    225 |    141 |   6414 |   7 | 1132.9 |
        Temple |      1 |      1 |      0 |      0 |      0 |   1 |    1.0 |
               +--------+--------+--------+--------+--------+-----+--------+

Top non-repeatable levels by time:
     D:5: 2028 daAuts
     D:4: 1559 daAuts
     D:3: 1104 daAuts
     D:6: 1072 daAuts
     D:1: 910 daAuts
     D:2: 885 daAuts
     D:7: 369 daAuts
  Temple: 1 daAuts
